 Dungeon Crawl Stone Soup version 0.29.1 (webtiles) character file.

Game seed: 13962489623328320045

315 raistware the Conjurer (level 6, -2/38 HPs)
             Began as an Octopode Conjurer on Sept 12, 2022.
             Slain by Pargi (3 damage)
             ... on level 4 of the Dungeon.
             The game lasted 00:05:28 (4475 turns).

raistware the Conjurer (Octopode Conjurer)          Turns: 4475, Time: 00:05:29

Health: -2/38      AC:  2    Str:  7    XL:     6   Next: 43%
Magic:  1/13       EV: 13    Int: 22    God:
Gold:   220        SH:  0    Dex: 10    Spells: 9/14 levels left

rFire   . . .      SeeInvis .   b - +2 dagger (venom)
rCold   . . .      Faith    .   (no shield)
rNeg    . . .      Spirit   .   o - +1 hat
rPois   .          Reflect  .   (no amulet)
rElec   .          Harm     .   (no ring)
rCorr   .          Rampage  .   (no ring)
Will    .....                   (no ring)
Stlth   +++.......              (no ring)
HPRegen 0.12/turn               (no ring)
MPRegen 0.13/turn               (no ring)
                                (no ring)
                                (no ring)

@: very slightly contaminated
A: almost no armour, amphibious, 8 rings, camouflage 1, gelatinous body 1,
(nimble swimmer 1), tentacles
a: no special abilities


You were on level 4 of the Dungeon.
You visited 1 branch of the dungeon, and saw 4 of its levels.

You collected 220 gold pieces.

Inventory:

Hand Weapons
 b - a +2 dagger of venom (weapon)
 s - a +2 quarterstaff of chaos
Armour
 o - a +1 hat (worn)
Wands
 t - a wand of roots (4)
 v - a wand of charming (8)
Scrolls
 c - a scroll of magic mapping {unknown}
 d - 2 scrolls of teleportation {unknown}
 f - a scroll of blinking {unknown}
 h - a scroll of fog {unknown}
 p - a scroll of poison {unknown}
 q - a scroll of enchant armour {unknown}
 r - a scroll of amnesia {unknown}
 u - 2 scrolls of identify {unknown}
Potions
 a - a potion of magic
 e - a potion of invisibility {unknown}
 g - 2 potions of brilliance {unknown}
 i - 2 potions of mutation {unknown}
 j - 4 potions of curing {unknown}
 k - a potion of haste {unknown}
 l - a potion of resistance {unknown}
 m - a potion of flight {unknown}
 n - a potion of heal wounds {unknown}
 w - a potion of lignification {unknown}


   Skills:
 - Level 1.0 Fighting
 - Level 2.0 Dodging
 - Level 2.6 Stealth
 + Level 4.8 Spellcasting
 + Level 5.0 Conjurations
 - Level 2.0 Translocations


You had 9 spell levels left.
You knew the following spells:

 Your Spells              Type           Power      Damage    Failure   Level
a - Magic Dart            Conj           100%       1d8       1%          1
b - Iskenderun's Mystic   Conj/Tloc      20%        2d6       24%         4

Your spell library contained the following spells:

 Spells                   Type           Power      Damage    Failure   Level
 Searing Ray              Conj           54%        2d6       1%          2
 Dazzling Flash           Conj/Hex       32%        N/A       11%         3
 Fulminant Prism          Conj/Hex       8%         3d7       36%         4


Dungeon Overview and Level Annotations

Branches:
Dungeon (4/15)
 Temple: D:4-7

Altars:
Dithmenos
Kikubaaqudgha
Nemelex Xobeh

Shops:
D:3 =

Annotations:
D:2 Sigmund
D:4 Pargi


Innate Abilities, Weirdness & Mutations

You cannot wear most types of armour.
You are amphibious.
You can wear up to eight rings at the same time.
Your skin changes colour to match your surroundings (Stealth+).
Your rubbery body absorbs attacks. (AC +1, EV +1)
((You are camouflaged when in or above water. (Stealth+)))
You have tentacles for arms and can constrict up to eight enemies at once.


Message History

Aiming: Fastroot
Press: ? - help, Shift-Dir - straight line, f/p - Pargi
Aim: Pargi (lightly wounded)
The roots erupt in riotous growth!
Roots grab Pargi.
The grasping roots constrict Pargi.
Pargi escapes!
Unknown command.
Casting: Magic Dart (safe; 1% risk of failure)
Confirm with . or Enter, or press ? or * to list all spells.
The spell is quite dangerous to miscast (24% risk of failure)!
Continue anyway?
You miscast Iskenderun's Mystic Blast.
You are very lightly contaminated with residual magic.
You spin around.
You are magically locked in place.
Pargi bites you. Pargi claws you. Pargi claws you but does no damage.
Casting: Iskenderun's Mystic Blast (quite dangerous; 24% risk of failure)
Confirm with . or Enter, or press ? or * to list all spells.
The spell is quite dangerous to miscast (24% risk of failure)!
Continue anyway?
You erupt in a blast of force!
The mystic blast hits Pargi.
Pargi is moderately wounded.
Pargi bites you. Pargi barely misses you. Pargi closely misses you.
Unknown command.
Casting: Iskenderun's Mystic Blast (quite dangerous; 24% risk of failure)
Confirm with . or Enter, or press ? or * to list all spells.
You don't know that spell.
You hit Pargi.
Pargi is poisoned.
You squeeze Pargi, but do no damage.
Pargi is heavily wounded.
Pargi bites you. Pargi claws you. x2
* * * LOW HITPOINT WARNING * * *
You are too injured to fight recklessly!
You are too injured to fight recklessly!
Aiming: Fastroot
Press: ? - help, Shift-Dir - straight line, f/p - Pargi
Aim: Pargi (moderately wounded, very poisoned)
The roots erupt in riotous growth!
Roots grab Pargi.
You are no longer locked in place.
The grasping roots constrict Pargi.
Pargi bites you!
* * * LOW HITPOINT WARNING * * *
Pargi claws you.
You die...

######...##.##..#.###..$....#
............##..#.# ####.###
##############....# #.# # #.
.. ..# # #. . ..# #### #..
...# #..# ##.# #..T##### #.#
#.>.@...# #.# #...###.#
######## #.#
#.#####.####......... #.#
#............##...... #.#
#######.#######.####. #.##
#######.# ##.####.
#..#########.......# #...#...
#............#####.#
###...#.## #..########### #.#
#.......##


You could see Pargi (very poisoned, rooted).

Vanquished Creatures
  A scorpion (D:4)
  Crazy Yiuf (D:3)
  Ijyb (D:4)
  Natasha (thrice) (D:3)
  5 adders
  A worm (D:4)
  3 dart slugs
  4 orcs
  6 bats
  9 endoplasms
  2 giant cockroaches
  4 goblins
  9 hobgoblins
  6 kobolds
  2 quokkas (D:1)
  9 ball pythons
  4 frilled lizards
  9 rats
79 creatures vanquished.

Notes
Turn   | Place    | Note
-------+----------+-------------------------------------------
     0 | D:1      | raistware the Octopode Conjurer began the quest for the
                  | Orb.
     0 | D:1      | Reached XP level 1. HP: 11/11 MP: 3/3
    14 | D:1      | Found a faded altar of an unknown god.
   215 | D:1      | Reached XP level 2. HP: 3/17 MP: 1/5
   975 | D:1      | Reached XP level 3. HP: 21/21 MP: 4/7
  1610 | D:2      | Noticed Sigmund
  2157 | D:2      | Reached XP level 4. HP: 27/27 MP: 6/9
  2342 | D:2      | Learned a level 4 spell: Iskenderun's Mystic Blast
  2476 | D:3      | Found Esuto's Jewellery Boutique.
  2479 | D:3      | Noticed Natasha
  2484 | D:3      | Killed Natasha
  2485 | D:3      | Reached skill level 1 in Translocations
  2647 | D:3      | Noticed Natasha
  2655 | D:3      | Killed Natasha
  2660 | D:3      | Reached skill level 1 in Fighting
  2660 | D:3      | Reached XP level 5. HP: 15/33 MP: 1/11
  2687 | D:3      | Noticed Natasha
  2828 | D:3      | Killed Natasha
  2970 | D:3      | Found a sparkling altar of Nemelex Xobeh.
  3045 | D:3      | Found a runed translucent door.
  3046 | D:3      | Noticed Crazy Yiuf
  3541 | D:3      | Found an ancient bone altar of Kikubaaqudgha.
  3541 | D:3      | Found a shadowy altar of Dithmenos.
  3676 | D:3      | Killed Crazy Yiuf
  3861 | D:4      | Noticed Pargi
  4015 | D:4      | Reached XP level 6. HP: 31/38 MP: 11/13
  4459 | D:4      | Noticed Ijyb
  4467 | D:4      | Killed Ijyb
  4468 | D:4      | Reached skill level 5 in Conjurations
  4475 | D:4      | HP: 1/38 [Pargi (7)]
  4475 | D:4      | Slain by Pargi

Illustrated notes

Levels and vault maps discovered:
D:1:      tarquinn_simple_flora_water_e, layout_basic,
          ebering_ecumenical_altar_sacrificial, minmay_pentomino_q2
D:2:      minmay_inner_zag, layout_loops_ring, uniq_sigmund
D:3:      layout_basic, lemuel_round_altar, gammafunk_temple_overflow_statue,
          serial_shops, shop, uniq_crazy_yiuf_cottage, uniq_natasha
D:4:      layout_loops_ring, uniq_pargi, uniq_ijyb

Skill      XL: |  1  2  3  4  5  6 |
---------------+-------------------+-----
Spellcasting   | 3 4 |  4.8
Translocations | 2 |  2.0
Fighting       | 1 |  1.0
Conjurations   | 5 |  5.0
Dodging        | |  2.0
Stealth        | |  2.6

Action                   |  1- 3 |  4- 6 || total
-------------------------+-------+-------++-------
Melee: Unarmed           |     7 |       ||     7
       Tentacles         |     4 |     5 ||     9
       Constrict         |     4 |     4 ||     8
       Dagger            |    16 |    16 ||    32
 Cast: Magic Dart        |    63 |    76 ||   139
       Iskenderun's Myst |       |     2 ||     2
Evoke: Wand              |       |     3 ||     3
 Stab: Sleeping          |     3 |     2 ||     5
Armor: Skin              |       |     3 ||     3
Dodge: Dodged            |    16 |     6 ||    22
